 Dungeon Crawl Stone Soup version 0.7.1-24-ga64cc90 character file.

3939 Aralvi the Archer (level 9, -3/54 HPs)
             Began as a High Elf Hunter on Sept 20, 2010.
             Was a Believer of Okawaru.
             Slain by a troll (7 damage)
             ... on Level 10 of the Dungeon.
             The game lasted 00:44:58 (8876 turns).

Aralvi the Archer (High Elf Hunter)                 Turns: 8876, Time: 00:44:58

HP  -3/54        AC  5     Str 12 Exp: 9/5010 (0), need: 854
MP  14/14        EV 16     Int 16      God: Okawaru [**....]
Gold 432         SH  0     Dex 22      Spells:  0 memorised, 10 levels left

Res.Fire  : . . .   See Invis. : .   a - -1,+1 orc short sword
Res.Cold  : . . .   Warding    : .   l - +2 robe of Leapfrog {Dex+3}
Life Prot.: . . .   Conserve   : .   (no shield)
Res.Poison: .       Res.Corr.  : .   (no helmet)
Res.Elec. : .       Clarity    : .   (no cloak) Spirit.Shd: . Stasis : .
                                     k - +0 pair of gloves
Sust.Abil.: . .     Rnd.Telep. : .   (no boots)
Res.Mut.  : .       Ctrl.Telep.: .   (no amulet)
Res.Rott. : .       Levitation : .   (no ring)
Saprovore : . . .   Ctrl.Flight: .   e - +1 ring of strength

@: somewhat resistant to hostile enchantments, quite stealthy
A: blink 1, fast metabolism 1, mutation resistance 1
a: Blink, Might, Renounce Religion


You were on level 10 of the Dungeon.
You worshipped Okawaru.
Okawaru was greatly pleased with you.
You were not hungry.

You visited 2 branches of the dungeon, and saw 11 of its levels.

You collected 412 gold pieces.

Inventory:

Hand weapons
 a - a -1,+1 orcish short sword (weapon)
 b - a +1,+1 elven bow
 o - a +0,+0 elven dagger (quivered)
Missiles
 q - 3 +0 orcish arrows
 r - 2 silver +0 darts
Armour
 k - a +0 pair of gloves (worn)
 l - the +2 robe of Leapfrog (worn) {Dex+3}
   (You found it on level 8 of the Dungeon)

   It affects your dexterity (+3).
Magical devices
 c - a wand of confusion (2)
 m - a wand of frost (0)
 v - a wand of enslavement (10)
 x - a wand of draining (0)
Comestibles
 f - 2 bread rations
 j - an apple
 t - 5 meat rations
Scrolls
 i - 3 scrolls of fog
 n - 5 scrolls of remove curse
 p - 2 scrolls of identify
 w - 2 scrolls of fear {unknown}
 y - a scroll of detect curse
 z - 2 scrolls of teleportation
Jewellery
 e - a +1 ring of strength (left hand)
Potions
 d - a potion of levitation
 h - 6 potions of healing
 u - 2 potions of restore abilities You had 0 experience left.


   Skills:
 + Level 2 Fighting
 + Level 4 Short Blades
 + Level 13 Bows
 + Level 2 Throwing
 + Level 1 Armour
 + Level 5 Dodging
 + Level 4 Stealth
 + Level 1 Stabbing
 + Level 1 Traps & Doors
 + Level 1 Spellcasting
 + Level 1 Evocations


You had 10 spell levels left.
You didn't know any spells.

Dungeon Overview and Level Annotations

Branches:
Dungeon (10/27)            Temple (1/1) D:7             Orc (0/4) D:9
   Lair: D:8-13

Altars:
Cheibriados
Elyvilon
Fedhas
Kikubaaqudgha
Makhleb
Nemelex Xobeh
Okawaru
Sif Muna
The Shining One
Trog
Vehumet
Zin

Annotations
D:7 exclusion: 23 flame clouds


Innate Abilities, Weirdness & Mutations

You can translocate small distances at will.
You have a fast metabolism.
You are somewhat resistant to further mutation.


Message History

The troll misses you.
You hit the troll, but do no damage.
The troll is lightly wounded.
The brain worm zombie misses you. The troll misses you. The troll claws you.
* * * LOW HITPOINT WARNING * * *
The troll claws you!
You die...

...########.####...
...................
#.<$......!#
.###.$...(....#.#
..................#
...########.#######
# #%#######?.
#%.........
#z.........
#@........
#....T...######
#........#
..........#
##........#
#.........
##...##### #... .


You could see a troll and a brain worm zombie.

Vanquished Creatures
  The ghost of Zwo the Grave Robber, an experienced HONe (D:7)
  Prince Ribbit (D:4)
  A two-headed ogre (D:9)
  A phantom (D:4)
  Menkaure (D:4)
  A centaur (D:6)
  5 ogres
  13 big kobolds
  A giant frog (D:9)
  Blork the orc (D:7)
  A water moccasin zombie (D:3)
  A water moccasin (D:5)
  A wight (D:9)
  A big kobold zombie (D:9)
  2 imps
  A giant beetle (D:8)
  2 hounds
  5 orc priests
  A scorpion (D:4)
  An iguana (D:8)
  3 orc wizards
  8 giant ants
  A worm zombie (D:6)
  4 jellies
  8 snakes
  A giant centipede zombie (D:8)
  4 gnolls (D:6)
  A giant mite (D:7)
  6 worms
  A giant eyeball (D:4)
  3 giant geckos
  An ooze (D:1)
  2 giant cockroaches
  13 goblins
  15 hobgoblins
  28 kobolds
  21 orcs
  5 quokkas
  15 giant bats
  14 giant newts
  A hobgoblin zombie (D:5)
  2 kobold skeletons
  A kobold zombie (D:6)
  An orc skeleton (D:8)
  A quokka skeleton (D:8)
  A quokka zombie (D:6)
  15 rats
  2 small snakes
  4 toadstools
224 creatures vanquished.

Vanquished Creatures (collateral kills)
  A rat (D:10)
1 creature vanquished.

Vanquished Creatures (others)
  An orc skeleton (D:8)
  15 toadstools
16 creatures vanquished.

Grand Total: 241 creatures vanquished

Notes
Turn   | Place    | Note
--------------------------------------------------------------
     0 | D:1      | Aralvi, the High Elf Hunter, began the quest for the Orb.
     0 | D:1      | Reached XP level 1. HP: 12/12 MP: 0/0
    22 | D:1      | Reached skill 6 in Bows
   229 | D:1      | Reached XP level 2. HP: 16/16 MP: 1/2
  1254 | D:2      | Reached XP level 3. HP: 22/22 MP: 3/3
  1384 | D:3      | Found a blossoming altar of Fedhas.
  1495 | D:3      | Reached XP level 4. HP: 26/26 MP: 4/5
  1540 | D:3      | Reached skill 7 in Bows
  1562 | D:3      | Reached XP level 5. HP: 14/32 MP: 6/6
  2506 | D:4      | Reached skill 8 in Bows
  2564 | D:4      | Noticed Menkaure
  2569 | D:4      | Defeated Menkaure
  2569 | D:4      | Reached XP level 6. HP: 37/37 MP: 7/8
  2605 | D:4      | Found a glowing silver altar of Zin.
  2678 | D:4      | Reached skill 9 in Bows
  2708 | D:4      | Noticed Prince Ribbit
  2716 | D:4      | Defeated Prince Ribbit
  2716 | D:4      | Reached XP level 7. HP: 26/42 MP: 9/9
  2910 | D:4      | Reached skill 10 in Bows
  3219 | D:4      | Reached skill 1 in Armour
  3257 | D:5      | Entered Level 5 of the Dungeon
  4229 | D:6      | Reached skill 11 in Bows
  4411 | D:6      | Found a deep blue altar of Sif Muna.
  4516 | D:6      | Reached XP level 8. HP: 46/46 MP: 10/11
  5259 | D:6      | Reached skill 12 in Bows
  5412 | D:7      | Reached skill 1 in Traps & Doors
  5557 | D:7      | Noticed Blork the orc
  5568 | D:7      | Defeated Blork the orc
  5610 | D:7      | Reached skill 1 in Spellcasting
  5709 | D:7      | Noticed Zwo's ghost
  5743 | D:7      | Defeated Zwo's ghost
  5865 | D:7      | Found a staircase to the Ecumenical Temple.
  5876 | Temple   | Entered the Ecumenical Temple
  5893 | Temple   | Became a worshipper of Warmaster Okawaru
  6619 | D:8      | Got a pitted robe
  6620 | D:8      | Identified the +2 robe of Leapfrog (You found it on level 8 of the Dungeon)
  6658 | D:8      | Reached XP level 9. HP: 42/52 MP: 14/14
  6666 | D:8      | Acquired Okawaru's first power
  7025 | D:8      | Reached skill 1 in Short Blades
  7282 | D:8      | Reached skill 1 in Evocations
  7488 | D:8      | Reached skill 1 in Throwing
  7515 | D:8      | Reached skill 13 in Bows
  8325 | D:9      | Gained mutation: You have a fast metabolism.
  8325 | D:9      | Gained mutation: You can translocate small distances at will.
  8325 | D:9      | Gained mutation: You are somewhat resistant to further mutation.
  8434 | D:9      | Found a staircase to the Orcish Mines.
  8463 | D:9      | Reached skill 1 in Stabbing
  8520 | D:9      | Reached skill 5 in Dodging
  8844 | D:10     | Entered Level 10 of the Dungeon
  8876 | D:10     | Slain by a troll
